| TOP OF THE 1ST |
|
Montreal Expos batting - Pitching for Baltimore Orioles : RHP Jose DeLeon
|
|
Pitching: RHP Jose DeLeon
|
|
|
Batting: SHB Ricky Otero
|
0-0: Called Strike 0-1: Swinging Strike 0-2: Ball 1-2: Strikes out swinging
|
|
Batting: SHB Gregg Jefferies
|
0-0: Swinging Strike 0-1: Ball 1-1: Ball 2-1: Called Strike 2-2: Foul Ball, location: 2F 2-2: Strikes out looking
|
|
Batting: RHB Matt Williams
|
0-0: Ball 1-0: Ball 2-0: Ground out 4-3 (Groundball, 4, EV 80.6 MPH)
|
| Top of the 1st over - 0 runs, 0 hits, 0 errors, 0 left on base; Montreal 0 - Baltimore 0 |
| BOTTOM OF THE 1ST |
|
Baltimore Orioles batting - Pitching for Montreal Expos : RHP Pedro Martinez
|
|
Pitching: RHP Pedro Martinez
|
|
|
Batting: LHB Johnny Damon
|
0-0: Ball 1-0: Fly out, F6 (Flyball, 6MD, EV 74.4 MPH)
|
|
Batting: LHB Bill Spiers
|
0-0: Ball 1-0: Called Strike 1-1: Called Strike 1-2: Strikes out swinging
|
|
Batting: LHB Kenny Lofton
|
0-0: Ball 1-0: Reached on error, E4 (Groundball, 4, EV 85.6 MPH)
|
|
Batting: LHB Matt Franco
|
0-0: Foul Ball, location: 2F 0-1: Ball 1-1: Foul Ball, location: 2F 1-2: Ball 2-2: Foul Ball, location: 2F 2-2: Ball 3-2: SINGLE (Line Drive, 6D, EV 93.8 MPH) Kenny Lofton to second Kenny Lofton to third
|
|
Batting: RHB Kelly Gruber
|
0-0: Swinging Strike 0-1: Foul Ball, location: 2F 0-2: Foul Ball, location: 2F 0-2: Foul Ball, location: 2F 0-2: Strikes out swinging
|
| Bottom of the 1st over - 0 runs, 1 hit, 1 error, 2 left on base; Montreal 0 - Baltimore 0 |
| TOP OF THE 2ND |
|
Montreal Expos batting - Pitching for Baltimore Orioles : RHP Jose DeLeon
|
|
Batting: RHB Raul Mondesi
|
0-0: Swinging Strike 0-1: Ball 1-1: Swinging Strike 1-2: Strikes out looking
|
|
Batting: LHB Hal Morris
|
0-0: Called Strike 0-1: Ball 1-1: Fly out, F8 (Flyball, 8LXD, EV 99.4 MPH)
|
|
Batting: RHB Jeff Kent
|
0-0: Ball 1-0: Called Strike 1-1: Swinging Strike 1-2: Fly out, F7 (Line Drive, 7, EV 92.5 MPH)
|
| Top of the 2nd over - 0 runs, 0 hits, 0 errors, 0 left on base; Montreal 0 - Baltimore 0 |
| BOTTOM OF THE 2ND |
|
Baltimore Orioles batting - Pitching for Montreal Expos : RHP Pedro Martinez
|
|
Batting: RHB Lyle Mouton
|
0-0: Called Strike 0-1: Swinging Strike 0-2: Ground out 6-3 (Groundball, 6, EV 81.3 MPH)
|
|
Batting: LHB Matt Nokes
|
0-0: Ball 1-0: Ball 2-0: Called Strike 2-1: Foul Ball, location: 2F 2-2: Strikes out swinging
|
|
Batting: RHB Alvaro Espinoza
|
0-0: Ball 1-0: Ball 2-0: Foul Ball, location: 2F 2-1: Swinging Strike 2-2: Foul Ball, location: 2F 2-2: Ball 3-2: Strikes out swinging
|
| Bottom of the 2nd over - 0 runs, 0 hits, 0 errors, 0 left on base; Montreal 0 - Baltimore 0 |
| TOP OF THE 3RD |
|
Montreal Expos batting - Pitching for Baltimore Orioles : RHP Jose DeLeon
|
|
Batting: RHB Mike Sweeney
|
0-0: Fly out, F4 (Popup, 34S, EV 78.8 MPH)
|
|
Batting: RHB Leo Gomez
|
0-0: SINGLE (Line Drive, 8RS, EV 101.9 MPH)
|
|
Batting: RHB Jose Hernandez
|
0-0: Called Strike 0-1: Swinging Strike 0-2: Ball 1-2: Ball 2-2: Ball 3-2: Foul Ball, location: 2F 3-2: Strikes out swinging
|
|
Batting: SHB Ricky Otero
|
0-0: Ball 1-0: Ball 2-0: Ball 3-0: Called Strike 3-1: Base on Balls Leo Gomez to second
|
|
Batting: SHB Gregg Jefferies
|
0-0: Ball 1-0: Foul Ball, location: 2F 1-1: Ball 2-1: Ball 3-1: Called Strike 3-2: Foul Ball, location: 2F 3-2: Ground out 4-3 (Groundball, 4M, EV 101.9 MPH)
|
| Top of the 3rd over - 0 runs, 1 hit, 0 errors, 2 left on base; Montreal 0 - Baltimore 0 |
| BOTTOM OF THE 3RD |
|
Baltimore Orioles batting - Pitching for Montreal Expos : RHP Pedro Martinez
|
|
Batting: RHB Ed Sprague Jr.
|
0-0: Ball 1-0: Foul Ball, location: 2F 1-1: Called Strike 1-2: Foul Ball, location: 2F 1-2: Foul Ball, location: 2F 1-2: Foul Ball, location: 2F 1-2: Ball 2-2: Strikes out swinging
|
|
Batting: LHB Johnny Damon
|
0-0: Ball 1-0: Called Strike 1-1: Swinging Strike 1-2: Strikes out looking
|
|
Batting: LHB Bill Spiers
|
0-0: Foul Ball, location: 2F 0-1: Ball 1-1: Ball 2-1: Ball 3-1: Called Strike 3-2: Foul Ball, location: 2F 3-2: Strikes out swinging
|
| Bottom of the 3rd over - 0 runs, 0 hits, 0 errors, 0 left on base; Montreal 0 - Baltimore 0 |
| TOP OF THE 4TH |
|
Montreal Expos batting - Pitching for Baltimore Orioles : RHP Jose DeLeon
|
|
Batting: RHB Matt Williams
|
0-0: Called Strike 0-1: Foul Ball, location: 2F 0-2: Ball 1-2: Foul Ball, location: 2F 1-2: Foul Ball, location: 2F 1-2: Foul Ball, location: 2F 1-2: Ball 2-2: Ball 3-2: Base on Balls
|
|
Batting: RHB Raul Mondesi
|
0-0: Ball 1-0: Ball 2-0: Ball 3-0: Called Strike 3-1: Base on Balls Matt Williams to second
|
|
Batting: LHB Hal Morris
|
0-0: Called Strike 0-1: Called Strike 0-2: Ball 1-2: Strikes out swinging
|
|
Batting: RHB Jeff Kent
|
0-0: Ball 1-0: Called Strike 1-1: Called Strike 1-2: Ball 2-2: Ball 3-2: Foul Ball, location: 2F 3-2: Foul Ball, location: 2F 3-2: Strikes out swinging
|
|
Batting: RHB Mike Sweeney
|
0-0: Called Strike 0-1: Ball 1-1: Called Strike 1-2: Strikes out swinging
|
| Top of the 4th over - 0 runs, 0 hits, 0 errors, 2 left on base; Montreal 0 - Baltimore 0 |
| BOTTOM OF THE 4TH |
|
Baltimore Orioles batting - Pitching for Montreal Expos : RHP Pedro Martinez
|
|
Batting: LHB Kenny Lofton
|
0-0: Called Strike 0-1: Ball 1-1: Ground out U3 (Groundball, 3, EV 83.8 MPH)
|
|
Batting: LHB Matt Franco
|
0-0: Swinging Strike 0-1: Ball 1-1: Swinging Strike 1-2: Strikes out swinging, 2-3 out at first.
|
|
Batting: RHB Kelly Gruber
|
0-0: Ball 1-0: Foul Ball, location: 2F 1-1: Ball 2-1: Foul Ball, location: 2F 2-2: Strikes out swinging
|
| Bottom of the 4th over - 0 runs, 0 hits, 0 errors, 0 left on base; Montreal 0 - Baltimore 0 |
| TOP OF THE 5TH |
|
Montreal Expos batting - Pitching for Baltimore Orioles : RHP Jose DeLeon
|
|
Batting: RHB Leo Gomez
|
0-0: Foul Ball, location: 2F 0-1: Ball 1-1: Ball 2-1: Ball 3-1: Base on Balls
|
|
Batting: RHB Jose Hernandez
|
0-0: Bunted foul 0-1: Bunt missed! 0-2: Ball 1-2: 2-RUN HOME RUN (Flyball, 8LXD, EV 105.0 MPH), Distance : 433 ft
|
|
Batting: SHB Ricky Otero
|
0-0: Called Strike 0-1: Fly out, F8 (Flyball, 89D, EV 103.8 MPH)
|
|
Batting: SHB Gregg Jefferies
|
0-0: Ground out 6-3 (Groundball, 6MD, EV 104.4 MPH)
|
|
Batting: RHB Matt Williams
|
0-0: Fly out, F7 (Flyball, 7, EV 88.8 MPH)
|
| Top of the 5th over - 2 runs, 1 hit, 0 errors, 0 left on base; Montreal 2 - Baltimore 0 |
| BOTTOM OF THE 5TH |
|
Baltimore Orioles batting - Pitching for Montreal Expos : RHP Pedro Martinez
|
|
Batting: RHB Lyle Mouton
|
0-0: Called Strike 0-1: Foul Ball, location: 2F 0-2: Foul Ball, location: 2F 0-2: Strikes out swinging
|
|
Batting: LHB Matt Nokes
|
0-0: SINGLE (Line Drive, 3D, EV 98.1 MPH)
|
|
Batting: RHB Alvaro Espinoza
|
0-0: Called Strike 0-1: Fielders Choice at 2nd, 1-4 (Groundball, 15, EV 73.8 MPH)
|
|
Batting: RHB Ed Sprague Jr.
|
0-0: Foul Ball, location: 2F 0-1: Ball 1-1: Ball 2-1: Ball 3-1: Fly out, F8 (Line Drive, 8LM, EV 108.1 MPH)
|
| Bottom of the 5th over - 0 runs, 1 hit, 0 errors, 1 left on base; Montreal 2 - Baltimore 0 |
| TOP OF THE 6TH |
|
Montreal Expos batting - Pitching for Baltimore Orioles : RHP Jose DeLeon
|
|
Batting: RHB Raul Mondesi
|
0-0: Called Strike 0-1: Fly out, F8 (Flyball, 8RXD, EV 100.0 MPH)
|
|
Batting: LHB Hal Morris
|
0-0: Ball 1-0: Called Strike 1-1: Called Strike 1-2: Fly out, F7 (Flyball, 78S, EV 84.4 MPH)
|
|
Batting: RHB Jeff Kent
|
0-0: Ball 1-0: Foul Ball, location: 2F 1-1: Swinging Strike 1-2: Ball 2-2: Strikes out looking
|
| Top of the 6th over - 0 runs, 0 hits, 0 errors, 0 left on base; Montreal 2 - Baltimore 0 |
| BOTTOM OF THE 6TH |
|
Baltimore Orioles batting - Pitching for Montreal Expos : RHP Pedro Martinez
|
|
Batting: LHB Johnny Damon
|
0-0: Foul Ball, location: 2F 0-1: Ball 1-1: Called Strike 1-2: Foul Ball, location: 2F 1-2: Fly out, F8 (Flyball, 8RM, EV 90.6 MPH)
|
|
Batting: LHB Bill Spiers
|
0-0: Called Strike 0-1: Ball 1-1: Ball 2-1: Ball 3-1: Foul Ball, location: 2F 3-2: Strikes out swinging
|
|
Batting: LHB Kenny Lofton
|
0-0: Bunt missed! 0-1: Ball 1-1: Ball 2-1: Ground out 4-3 (Groundball, 4, EV 100.0 MPH)
|
| Bottom of the 6th over - 0 runs, 0 hits, 0 errors, 0 left on base; Montreal 2 - Baltimore 0 |
| TOP OF THE 7TH |
|
Montreal Expos batting - Pitching for Baltimore Orioles : RHP Jose DeLeon
|
|
Batting: RHB Mike Sweeney
|
0-0: Foul Ball, location: 2F 0-1: Ball 1-1: Ground out 6-3 (Groundball, 6M, EV 94.4 MPH)
|
|
Batting: RHB Leo Gomez
|
0-0: Ball 1-0: Called Strike 1-1: Fly out, F8 (Flyball, 8RM, EV 74.4 MPH)
|
|
Batting: RHB Jose Hernandez
|
0-0: Foul Ball, location: 2F 0-1: Ball 1-1: SOLO HOME RUN (Line Drive, 78XD, EV 109.4 MPH), Distance : 388 ft
|
|
Batting: SHB Ricky Otero
|
0-0: Foul Ball, location: 2F 0-1: Swinging Strike 0-2: Ball 1-2: Ball 2-2: Foul Ball, location: 2F 2-2: Foul Ball, location: 2F 2-2: Strikes out swinging
|
| Top of the 7th over - 1 run, 1 hit, 0 errors, 0 left on base; Montreal 3 - Baltimore 0 |
| BOTTOM OF THE 7TH |
|
Baltimore Orioles batting - Pitching for Montreal Expos : RHP Pedro Martinez
|
|
Batting: LHB Matt Franco
|
0-0: Foul Ball, location: 2F 0-1: Fly out, F8 (Flyball, 8LS, EV 86.3 MPH)
|
|
Batting: RHB Kelly Gruber
|
0-0: Ball 1-0: Fly out, F6 (Popup, 6M, EV 76.9 MPH)
|
|
Batting: RHB Lyle Mouton
|
0-0: Called Strike 0-1: Called Strike 0-2: Strikes out swinging
|
| Bottom of the 7th over - 0 runs, 0 hits, 0 errors, 0 left on base; Montreal 3 - Baltimore 0 |
| TOP OF THE 8TH |
|
Montreal Expos batting - Pitching for Baltimore Orioles : RHP Jose DeLeon
|
|
Batting: SHB Gregg Jefferies
|
0-0: Ball 1-0: Swinging Strike 1-1: Ball 2-1: Foul Ball, location: 2F 2-2: Foul Ball, location: 2F 2-2: Strikes out swinging
|
|
Batting: RHB Matt Williams
|
0-0: Swinging Strike 0-1: Ball 1-1: Called Strike 1-2: Strikes out looking
|
|
Batting: RHB Raul Mondesi
|
0-0: Ball 1-0: Foul Ball, location: 2F 1-1: Ball 2-1: SINGLE (Line Drive, 78S, EV 113.1 MPH)
|
|
Batting: LHB Hal Morris
|
0-0: Ball 1-0: Called Strike 1-1: Ball 2-1: Foul Ball, location: 2F 2-2: SINGLE (Line Drive, 7LS, EV 93.1 MPH) Raul Mondesi to second Runner from 2nd tries for 3rd, SAFE, no throw by LF
|
|
Batting: RHB Jeff Kent
|
0-0: Fly out, F3 (Popup, 3SF, EV 73.8 MPH)
|
| Top of the 8th over - 0 runs, 2 hits, 0 errors, 2 left on base; Montreal 3 - Baltimore 0 |
| BOTTOM OF THE 8TH |
|
Baltimore Orioles batting - Pitching for Montreal Expos : RHP Pedro Martinez
|
|
Batting: LHB Matt Nokes
|
0-0: Ball 1-0: Foul Ball, location: 2F 1-1: Foul Ball, location: 2F 1-2: Ball 2-2: Foul Ball, location: 2F 2-2: Strikes out swinging
|
|
Batting: RHB Alvaro Espinoza
|
0-0: Called Strike 0-1: Swinging Strike 0-2: Strikes out looking
|
|
Batting: RHB Ed Sprague Jr.
|
0-0: Ball 1-0: SINGLE (Groundball, 56, EV 106.9 MPH) (infield hit)
|
|
Batting: LHB Johnny Damon
|
0-0: Ball 1-0: Foul Ball, location: 2F 1-1: Ball 2-1: Reached on error, E4 (Groundball, 34, EV 80.6 MPH) Ed Sprague Jr. to second
|
|
Batting: LHB Bill Spiers
|
0-0: Ground out U3 (Groundball, 3S, EV 63.1 MPH)
|
| Bottom of the 8th over - 0 runs, 1 hit, 1 error, 2 left on base; Montreal 3 - Baltimore 0 |
| TOP OF THE 9TH |
|
Montreal Expos batting - Pitching for Baltimore Orioles : RHP Jose DeLeon
|
|
Batting: RHB Mike Sweeney
|
0-0: Ball 1-0: Foul Ball, location: 2F 1-1: Ball 2-1: Ball 3-1: Base on Balls
|
|
Pitching: RHP Jeff Nelson
|
|
|
Batting: RHB Leo Gomez
|
0-0: Bunt missed! 0-1: Sac Bunt to 5S - play at first, batter OUT! 5-4 Mike Sweeney to second
|
|
Batting: RHB Jose Hernandez
|
0-0: Intentional Walk
|
|
Batting: SHB Ricky Otero
|
0-0: Ball Mike Sweeney is caught stealing 3rd base 2-5 Jose Hernandez to second 1-0: Foul Ball, location: 2F 1-1: Called Strike 1-2: Ground out 4-3 (Groundball, 4, EV 98.8 MPH)
|
| Top of the 9th over - 0 runs, 0 hits, 0 errors, 1 left on base; Montreal 3 - Baltimore 0 |
| BOTTOM OF THE 9TH |
|
Baltimore Orioles batting - Pitching for Montreal Expos : RHP Pedro Martinez
|
|
Batting: LHB Kenny Lofton
|
0-0: Bunt missed! 0-1: Ball 1-1: Foul Ball, location: 2F 1-2: Ball 2-2: Ball 3-2: SINGLE (Line Drive, 56D, EV 98.8 MPH)
|
|
Pitching: RHP Ed Correa
|
|
|
Batting: LHB Matt Franco
|
0-0: Called Strike 0-1: Ball 1-1: SINGLE (Groundball, 56S, EV 72.5 MPH) (infield hit) Kenny Lofton to second
|
|
Batting: RHB Kelly Gruber
|
0-0: Ball 1-0: Foul Ball, location: 2F 1-1: Fly out, F9 (Flyball, 9LSF, EV 92.5 MPH)
|
|
Batting: RHB Lyle Mouton
|
0-0: Ball 1-0: Called Strike 1-1: Called Strike 1-2: Foul Ball, location: 2F 1-2: Strikes out swinging
|
|
Batting: LHB Matt Nokes
|
0-0: Ball 1-0: Ball 2-0: Ball 3-0: Base on Balls Kenny Lofton to third Matt Franco to second
|
|
Pinch Hitting: RHB Jim Leyritz
|
0-0: Swinging Strike 0-1: Ball 1-1: Foul Ball, location: 2F 1-2: Strikes out looking
|
| Bottom of the 9th over - 0 runs, 2 hits, 0 errors, 3 left on base; Montreal 3 - Baltimore 0 |
|